 Dungeon Sprint DCSS version 0.16-a0-3803-gd4b2de5 (console) character file.

336 Monkaria the Carver (level 6, -9/66 HPs)
             Began as a Hill Orc Fighter on Jan 26, 2015.
             Was a Believer of Makhleb.
             Mangled by a catoblepas (29 damage)
             ... in the Dungeon (Sprint IX: "|||||||||||||||||||||||||||||").
             The game lasted 00:01:53 (614 turns).

Monkaria the Carver (Hill Orc Fighter)               Turns: 614, Time: 00:01:54

Health: -9/66      AC: 13    Str: 24    XL:     6   Next: 54%
Magic:  6/6        EV:  6    Int:  8    God:    Makhleb [**....]
Gold:   0          SH:  9    Dex: 10    Spells: 0 memorised, 5 levels left

rFire  . . .     SeeInvis .     p - +2 scimitar (holy)
rCold  . . .     Clarity  .     s - +0 plate armour
rNeg   . . .     SustAb   .     c - +0 shield
rPois  .         Gourm    .     (no helmet)
rElec  .         Spirit   .     r - +0 cloak
rCorr  .         Warding  .     q - +0 pair of gloves
rMut   .         NoTele   +     (no boots)
MR     .....                    (no amulet)
Stlth  ..........               u - +2 ring of evasion
                                t - +3 ring of strength

@: not resistant to hostile enchantments, extremely unstealthy
A: no striking features
a: Minor Destruction, Renounce Religion


You were in the Dungeon.
You worshipped Makhleb.
Makhleb was pleased with you.
You were not hungry.

You visited 1 branch

Inventory:

Hand weapons
 p - a +2 scimitar of holy wrath (weapon)
Armour
 c - a +0 shield (worn)
 q - a +0 pair of gloves (worn)
 r - a +0 cloak (worn)
 s - a +0 plate armour (worn)
Jewellery
 t - a +3 ring of strength (left hand)
 u - a +2 ring of evasion (right hand)
Magical devices
 o - a wand of draining (7)
Scrolls
 k - 2 scrolls of blinking
 m - 3 scrolls of remove curse
 n - 2 scrolls of amnesia
Potions
 e - a potion of might
 f - a potion of invisibility
 g - 3 potions of heal wounds
 h - a potion of haste
 i - 4 potions of magic
 j - a potion of berserk rage
 l - 4 potions of curing
Comestibles
 d - a meat ration


   Skills:
 + Level 9.9 Fighting
 * Level 11.9 Long Blades
 - Level 3.2 Armour
 - Level 3.2 Shields


You had 5 spell levels left.
You didn't know any spells.

Dungeon Overview and Level Annotations

Branches:
Dungeon (1/1)

Altars:
Cheibriados
Dithmenos
Elyvilon
Fedhas
Gozag
Kikubaaqudgha
Makhleb
Nemelex Xobeh
Okawaru
Qazlal
Ru
Sif Muna
Trog
Vehumet
Xom
Yredelemnul
Zin
The Shining One
Beogh
Jiyva
Lugonu


Message History

The blast of calcifying dust hits you!
The centaur is engulfed in calcifying dust.
You are engulfed in calcifying dust.
The centaur is engulfed in calcifying dust.
The catoblepas breathes a plume of calcifying dust at you.
The blast of calcifying dust hits the centaur.
The centaur dies!
The blast of calcifying dust hits you!
You are engulfed in calcifying dust. x3
The catoblepas gores you!
You are engulfed in calcifying dust.
The catoblepas gores you.
You are engulfed in calcifying dust.
You turn to flesh and can move again.
Unknown command.
You hit the catoblepas but do no damage.
The catoblepas gores you!!
You hit the catoblepas.
The catoblepas is lightly wounded.
The catoblepas gores you!!
You die... ▓▓▓▓▓▓▓▓▓▓▓▓▓▓▓▓▓▓▓▓▓▓▓▓▓▓ +....ClCY@....)[....)|..'_ ▓▓▓▓▓▓▓▓▓▓▓▓▓▓▓▓▓▓▓▓▓▓▓▓▓▓

You could see a catoblepas, a hill giant, a cyclops and a basilisk.

Vanquished Creatures
  A shadow (D)
  A killer bee (D)
  A crimson imp (D)
  3 hounds (D)
  An adder (D)
  A bat zombie (D)
  A goblin (D)
  2 hobgoblins (D)
  A bat (D)
  A giant cockroach zombie (D)
  A giant newt (D)
  A jackal zombie (D)
  2 kobolds (D)
17 creatures vanquished.

Vanquished Creatures (others)
  A centaur (D)
1 creature vanquished.

Grand Total: 18 creatures vanquished

Notes
Turn   | Place    | Note
--------------------------------------------------------------
     0 | D        | Monkaria, the Hill Orc Fighter, began the quest for the Orb.
     0 | D        | Reached XP level 1. HP: 19/19 MP: 1/1
    11 | D        | Reached skill level 4 in Fighting
   133 | D        | Noticed a crimson imp
   133 | D        | Noticed a hound
   142 | D        | Killed a hound
   142 | D        | Reached skill level 5 in Fighting
   142 | D        | Reached skill level 5 in Long Blades
   142 | D        | Reached XP level 2. HP: 11/30 MP: 2/2
   142 | D        | Reached XP level 3. HP: 13/37 MP: 3/3
   158 | D        | Reached skill level 6 in Fighting
   191 | D        | Killed a crimson imp
   191 | D        | Reached skill level 7 in Long Blades
   191 | D        | Reached XP level 4. HP: 26/45 MP: 4/4
   318 | D        | Found a glowing silver altar of Zin.
   318 | D        | Found a glowing golden altar of the Shining One.
   318 | D        | Found an ancient bone altar of Kikubaaqudgha.
   318 | D        | Found a basalt altar of Yredelemnul.
   318 | D        | Found a shimmering altar of Xom.
   318 | D        | Found a radiant altar of Vehumet.
   318 | D        | Found an iron altar of Okawaru.
   319 | D        | Found a burning altar of Makhleb.
   320 | D        | Found a deep blue altar of Sif Muna.
   321 | D        | Found a bloodstained altar of Trog.
   322 | D        | Found a sparkling altar of Nemelex Xobeh.
   323 | D        | Found a white marble altar of Elyvilon.
   324 | D        | Found a roughly hewn altar of Beogh.
   325 | D        | Found a viscous altar of Jiyva.
   326 | D        | Found a corrupted altar of Lugonu.
   327 | D        | Found a blossoming altar of Fedhas.
   328 | D        | Became a worshipper of Makhleb the Destroyer
   329 | D        | Found a snail-covered altar of Cheibriados.
   330 | D        | Found a shadowy altar of Dithmenos.
   331 | D        | Found a stormy altar of Qazlal.
   332 | D        | Found an opulent altar of Gozag.
   333 | D        | Found a sacrificial altar of Ru.
   387 | D        | Noticed a hound
   387 | D        | Noticed a killer bee
   387 | D        | Noticed a hound
   392 | D        | Acquired Makhleb's first power
   401 | D        | Killed a hound
   401 | D        | Reached skill level 8 in Long Blades
   410 | D        | Killed a killer bee
   410 | D        | Acquired Makhleb's second power
   410 | D        | Reached skill level 9 in Long Blades
   410 | D        | Reached XP level 5. HP: 32/53 MP: 5/5
   417 | D        | Killed a hound
   564 | D        | Noticed a hill giant
   564 | D        | Noticed a basilisk
   564 | D        | Noticed a cyclops
   564 | D        | Noticed a catoblepas
   564 | D        | Noticed a centaur
   564 | D        | Noticed a shadow
   579 | D        | Killed a shadow
   579 | D        | Reached skill level 11 in Long Blades
   579 | D        | Reached XP level 6. HP: 60/66 MP: 6/6
   607 | D        | Killed a centaur
   614 | D        | Mangled by a catoblepas

Action                   |  1- 3 |  4- 6 || total
-------------------------+-------+-------++-------
Melee: Long sword        |    72 |       ||    72
       Scimitar          |       |    39 ||    39
  Use: Potion            |     1 |       ||     1
